AoeStats
← hoangtan922

Nomad

506164246Analyzed
2v2 RM · 20d ago on Sep 12, 2026· 50m 28s· 4 players
Game mode
Random Map
Map size
176×176
Population
200
Speed
Normal
Resources
Standard
Victory
Conquest
Starting age
Dark Age
Ending age
Imperial Age
RankedLock teamsTeams togetherTeam positionsShared explorationLock speedFull tech treeHidden civsTurbo modeCheats
Victory
Defeat
🇨🇿 Huns · Czechia
1006
+14
🇨🇿 Persians · Czechia
963
+16
🇦🇷 Mongols · Argentina
984
-16
🇳🇱 Huns · Netherlands
939
-14
LennyCZ
3:10 Loom
13:57 Feudal Age
14:49 Fishing Lines
15:31 Fletching
15:42 Padded Archer Armor
26:20 Castle Age
24:50 Horse Collar
25:09 Double-Bit Axe
26:46 Scale Barding Armor
30:18 Bodkin Arrow
31:43 Wheelbarrow
33:05 Husbandry
33:16 Bloodlines
36:09 Leather Archer Armor
36:59 Ballistics
37:22 Bloodlines
40:35 Forging
42:24 Hand Cart
44:30 Parthian Tactics
45:02 Gillnets
JozefCZ
5:10 Loom
15:10 Feudal Age
15:53 Double-Bit Axe
16:57 Gold Mining
20:49 Castle Age
19:36 Stone Mining
20:25 Wheelbarrow
20:21 Town Watch
20:56 Fishing Lines
25:30 Bloodlines
26:52 Gillnets
28:33 Hand Cart
32:43 Murder Holes
33:15 Masonry
40:24 Imperial Age
38:21 Medium Warships
38:32 Demolition Ship
42:24 Pikeman
48:32 Cavalier
49:13 Husbandry
50:26 Scale Barding Armor
50:32 Forging
50:02 Paladin
Mortingen Şıtrayze
4:20 Loom
12:31 Feudal Age
13:25 Double-Bit Axe
20:53 Castle Age
20:04 Stone Mining
21:53 Pikeman
28:09 Scale Mail Armor
28:09 Padded Archer Armor
36:22 Scale Barding Armor
36:01 Horse Collar
42:07 Imperial Age
40:33 Fletching
41:24 Gold Mining
hoangtan922
8:24 Loom
14:58 Feudal Age
15:23 Fishing Lines
18:35 Scale Barding Armor
19:08 Fletching
20:40 Forging
21:10 Bloodlines
25:27 Double-Bit Axe
29:56 Castle Age
30:42 Light Cavalry
31:23 Husbandry
34:02 Stone Mining
34:04 Gold Mining
34:28 Bow Saw
37:21 Gillnets
41:16 Wheelbarrow
40:26 Town Watch
44:48 Bodkin Arrow
45:43 Gold Shaft Mining
52:23 Imperial Age
Connection lost

Rejoining the realm…

Still unreachable

The connection could not be restored.

Session expired

The server has moved on; the page needs a fresh start.